 Dungeon Crawl Stone Soup version 0.26-a0-665-gefeb406119 (webtiles) character file.

Game seed: 8957753944566580768

5464 Elric the Carver (level 10, -5/79 HPs)
             Began as a Demonspawn Gladiator on Oct 13, 2020.
             Was a Priest of Trog.
             Slain by an orc warrior
             ... wielding a +0 trident
              (21 damage)
             ... on level 10 of the Dungeon.
             The game lasted 00:15:01 (9429 turns).

Elric the Carver (Demonspawn Gladiator)             Turns: 9429, Time: 00:15:02

Health: -5/79      AC: 10    Str: 18    XL:     10   Next: 41%
Magic:  10/10      EV: 13    Int:  9    God:    Trog [***...]
Gold:   624        SH:  0    Dex: 15    Spells: 9/9 levels left

rFire    . . .     SeeInvis .   a - +0 long sword
rCold    . . .     Faith    .   (no shield)
rNeg     . . .     Spirit   .   f - +0 scale mail
rPois    .         Reflect  .   R - +0 helmet
rElec    .         Harm     .   (no cloak)
rCorr    .         Rampage  .   (no gloves)
MR       +++..                  (no boots)
Stlth    ..........             (no amulet)
HPRegen  1.23/turn              x - +4 ring of slaying
MPRegen  0.12/turn              B - ring of protection from magic

@: berserk cooldown, regenerating, slowed, very slow
A: talons 1, yellow scales 1, spiny 2, rot immunity
a: Berserk, Trog's Hand, Renounce Religion


You were on level 10 of the Dungeon.
You worshipped Trog.
Trog was most pleased with you.
You visited 1 branch of the dungeon, and saw 10 of its levels.
You also visited: Ossuary.

You collected 624 gold pieces.

Inventory:

Hand Weapons
 a - a +0 long sword (weapon)
 J - a +2 shortbow of flaming
Missiles
 d - 4 throwing nets (quivered)
 p - 13 boomerangs
Armour
 b - a +0 leather armour
 c - a +0 helmet
 f - a +0 scale mail (worn)
 P - the +3 ring mail "Paitwil" {+Fly Int+2}
   (You found it on level 8 of the Dungeon)

   It affects your intelligence (+2).
   It lets you fly.
 R - a +0 helmet (worn)
Jewellery
 o - an uncursed ring of resist corrosion
 x - a +4 ring of slaying (left hand)
 B - a ring of protection from magic (right hand)
 C - an uncursed ring of fire {unknown}
 M - an uncursed ring of protection from fire {unknown}
 N - an uncursed ring of fire {unknown}
 Q - an uncursed amulet of the acrobat {unknown}
Wands
 F - a wand of polymorph (11)
 G - a wand of paralysis (8)
 L - a wand of iceblast (11)
Scrolls
 e - 3 scrolls of magic mapping {unknown}
 l - 6 scrolls of identify
 n - 4 scrolls of enchant weapon {unknown}
 r - 3 scrolls of random uselessness {unknown}
 s - 8 scrolls of remove curse {unknown}
 u - a scroll of noise {unknown}
 w - 2 scrolls of amnesia {unknown}
 y - 2 scrolls of blinking {unknown}
 z - a scroll of fear {unknown}
 I - 4 scrolls of teleportation {unknown}
 K - a scroll of immolation {unknown}
 O - a scroll of fog {unknown}
Potions
 g - a potion of degeneration {unknown}
 h - 5 potions of berserk rage {unknown}
 i - 6 potions of curing {unknown}
 j - 3 potions of might {unknown}
 k - 2 potions of haste {unknown}
 m - a potion of stabbing {unknown}
 q - 2 potions of cancellation {unknown}
 t - 4 potions of heal wounds {unknown}
 v - a potion of brilliance {unknown}
 A - 3 potions of flight {unknown}
 D - 4 potions of lignification {unknown}
 E - a potion of magic {unknown}
 H - a potion of mutation {unknown}


   Skills:
 - Level 7.4 Fighting
 - Level 9.6 Long Blades
 - Level 1.9 Throwing
 + Level 6.0 Armour
 + Level 6.7 Dodging


You had 9 spell levels left.
You didn't know any spells.
Your spell library contained the following spells:

 Spells                   Type           Power        Failure   Level
 Confusing Touch          Hex            #.......     98%         3
 Gell's Gravitas          Tloc           #.........   98%         3
 Petrify                  Tmut/Erth      #.......     100%        4
 Metabolic Englaciation   Hex/Ice        #.........   100%        5
 Yara's Violent Unravell  Hex/Tmut       #.........   100%        5


Dungeon Overview and Level Annotations

Branches:
Dungeon (10/15)            Temple (0/1) D:5         Ossuary (visited)
   Lair: D:8-11         Orc: D:9-12

Altars:
Dithmenos
Fedhas
Kikubaaqudgha
Nemelex Xobeh
Qazlal
Ru
Trog
Vehumet
Wu Jian
Zin
The Shining One

Shops:
D:4 *   D:6 }

Annotations:
D:5 1 exclusion


Innate Abilities, Weirdness & Mutations

You have sharp toenails.
You are partially covered in yellow scales. (AC +2)
You are mostly covered in sharp spines.
You are immune to rotting.


Message History

You kill the orc priest!
Trog accepts your kill. The orc hits you.
The orc warrior hits you with a +0 trident.
* * * LOW HITPOINT WARNING * * *
The orc hits you but does no damage.
The orc warrior hits you from afar with a +0 trident!
* * * LOW HITPOINT WARNING * * *
Things that are here:
a +0 trident; a +2 ring mail of cold resistance; an orc corpse You slash the orc!
You kill the orc!
Trog accepts your kill.
The orc warrior hits you from afar with a +0 trident.
* * * LOW HITPOINT WARNING * * *
You are no longer berserk.
You are exhausted.
You feel as though you will be slow longer.
The orc warrior hits you with a +0 trident!!
You die...

... #.# ... # ######.# ...##.
#.[.o... #.##...##.###W.. #.#####
#.##..........#. #.....#
#.##...##W###... # #.#
#.#######.####.#
##.#.###.#########.# #.........
.........>....<.@).#####h#.#####.
.#######.......o)?.......#.# .
###################.# #.. ###


You could see an orc warrior.

Vanquished Creatures
  Joseph (D:7)
  A centaur skeleton (D:10)
  A wraith (D:10)
  2 vampire mosquitoes (D:9)
  Menkaure (D:5)
  Edmund (D:5)
  A black bear (D:6)
  2 ice beasts
  An orc warrior (D:5)
  A necrophage (D:6)
  7 centaurs
  6 ogres
  Blork the orc (D:5)
  6 bullfrogs
  3 big kobolds
  An elf zombie (Ossuary)
  2 scorpions
  4 killer bees (D:7)
  4 howler monkeys
  A jelly (D:7)
  A quasit (D:6)
  3 centaur zombies
  7 hounds
  4 orc priests
  2 bullfrog zombies
  7 orc wizards
  An iguana (D:6)
  Natasha (thrice) (D:2)
  11 worker ants
  A big kobold zombie (Ossuary)
  2 hound zombies
  3 mummies (Ossuary)
  A howler monkey zombie (D:9)
  2 worker ant zombies
  7 adders
  7 gnolls
  2 shadow imps (D:8)
  An ufetubus (D:5)
  An ooze (D:3)
  2 adder skeletons
  4 adder zombies (Ossuary)
  4 worms
  5 dart slugs
  A leopard gecko (D:1)
  24 orcs
  6 giant cockroaches
  12 goblins
  8 hobgoblins
  11 jackals
  22 kobolds
  3 quokkas
  3 bats
  5 frilled lizards
  3 gnoll zombies (Ossuary)
  5 goblin zombies (Ossuary)
  5 hobgoblin zombies (Ossuary)
  2 jackal zombies (Ossuary)
  4 kobold zombies (Ossuary)
  3 orc zombies (Ossuary)
  2 quokka zombies
  5 rats
  4 rat zombies (Ossuary)
256 creatures vanquished.

Vanquished Creatures (others)
  3 plants (D:2)
3 creatures vanquished.

Grand Total: 259 creatures vanquished

Notes
Turn   | Place    | Note
-------+----------+-------------------------------------------
     0 | D:1      | Elric the Demonspawn Gladiator began the quest for the Orb.
     0 | D:1      | Reached XP level 1. HP: 16/16 MP: 1/1
   266 | D:1      | Gained mutation: You have sharp toenails. [demonic
                  | ancestry]
   266 | D:1      | Reached XP level 2. HP: 18/22 MP: 2/2
   272 | D:1      | Reached skill level 3 in Long Blades
   726 | D:1      | Gained mutation: You are partially covered in yellow
                  | scales. (AC +2) [demonic ancestry]
   726 | D:1      | Reached XP level 3. HP: 28/28 MP: 3/3
  1034 | D:2      | Noticed Natasha
  1056 | D:2      | Killed Natasha
  1306 | D:2      | Noticed Natasha
  1312 | D:2      | Killed Natasha
  1312 | D:2      | Reached skill level 4 in Long Blades
  1312 | D:2      | Reached XP level 4. HP: 18/35 MP: 4/4
  1557 | D:2      | Noticed Natasha
  1565 | D:2      | Killed Natasha
  1807 | D:2      | Noticed an ogre
  1816 | D:2      | Killed an ogre
  1816 | D:2      | Gained mutation: You are partially covered in sharp spines.
                  | [demonic ancestry]
  1816 | D:2      | Reached XP level 5. HP: 25/42 MP: 5/5
  2026 | D:2      | Found an ornate altar of the Wu Jian Council.
  2041 | D:2      | Reached skill level 5 in Long Blades
  2663 | D:3      | Reached XP level 6. HP: 35/48 MP: 6/6
  3117 | D:4      | Found a bloodstained altar of Trog.
  3145 | D:4      | Became a worshipper of Trog the Wrathful
  3181 | D:4      | Found Yluc's Gadget Boutique.
  3394 | D:4      | Reached skill level 6 in Long Blades
  3394 | D:4      | Gained mutation: You are immune to rotting. [demonic
                  | ancestry]
  3394 | D:4      | Reached XP level 7. HP: 55/55 MP: 7/7
  3411 | D:4      | Found a glowing silver altar of Zin.
  3413 | D:4      | Found a shadowy altar of Dithmenos.
  3417 | D:4      | Found a sacrificial altar of Ru.
  3417 | D:4      | Found a glowing golden altar of the Shining One.
  3417 | D:4      | Found a radiant altar of Vehumet.
  3419 | D:4      | Found a sparkling altar of Nemelex Xobeh.
  3676 | D:4      | Found a sand-covered staircase.
  3735 | Ossuary  | Entered an ossuary
  3761 | Ossuary  | Reached skill level 5 in Fighting
  3763 | Ossuary  | Reached * piety under Trog
  4083 | Ossuary  | Reached ** piety under Trog
  4083 | Ossuary  | Reached skill level 7 in Long Blades
  4185 | D:4      | Found Nahuf's General Store.
  4236 | D:4      | Found a bloodstained altar of Trog.
  4271 | D:5      | Entered Level 5 of the Dungeon
  4381 | D:5      | Found a staircase to the Ecumenical Temple.
  4517 | D:5      | Noticed Edmund
  4519 | D:5      | Reached XP level 8. HP: 64/64 MP: 8/8
  4526 | D:5      | Killed Edmund
  4707 | D:5      | Noticed Menkaure
  4711 | D:5      | Killed Menkaure
  4711 | D:5      | Reached skill level 8 in Long Blades
  5059 | D:5      | Noticed Blork the orc
  5063 | D:5      | Killed Blork the orc
  5544 | D:6      | Reached skill level 9 in Long Blades
  5707 | D:6      | Reached XP level 9. HP: 47/72 MP: 9/9
  6441 | D:6      | Found Kehusix's Gadget Shoppe.
  6478 | D:6      | Found an ancient bone altar of Kikubaaqudgha.
  6744 | D:7      | Reached skill level 1 in Armour
  6956 | D:7      | Noticed Joseph
  6973 | D:7      | Killed Joseph
  7226 | D:7      | Reached *** piety under Trog
  7228 | D:7      | Reached skill level 5 in Dodging
  7708 | D:7      | You fall into a shaft and drop 3 floors!
  7708 | D:10     | Entered Level 10 of the Dungeon
  7749 | D:9      | Gained mutation: You are mostly covered in sharp spines.
                  | [demonic ancestry]
  7749 | D:9      | Reached XP level 10. HP: 71/79 MP: 10/10
  7972 | D:9      | Reached skill level 5 in Armour
  8283 | D:8      | Found an ornate altar of the Wu Jian Council.
  8690 | D:8      | Reached **** piety under Trog
  8713 | D:8      | Found a stormy altar of Qazlal.
  8720 | D:8      | Found a blossoming altar of Fedhas.
  8721 | D:8      | Got an ancient ring mail
  8725 | D:8      | Identified the +3 ring mail "Paitwil" {+Fly Int+2} (You
                  | found it on level 8 of the Dungeon)
  9195 | D:10     | HP: 2/79 [orc warrior/+0 trident (7)]
  9429 | D:10     | Slain by an orc warrior

Illustrated notes

Levels and vault maps discovered:
D:1:      minmay_arrival_four_houses, layout_loops_ring
D:2:      layout_loops_ring, old_standard_altar, serial_forest,
          infiniplex_forest_lined_3_way, infiniplex_forest_clump_long,
          infiniplex_forest_lined_3_way, infiniplex_forest_straight_3,
          infiniplex_forest_straight_2, infiniplex_forest_lined_3_way,
          infiniplex_forest_lined_ring, infiniplex_forest_end_3, uniq_natasha
D:3:      layout_loops_cross
D:4:      layout_rooms, old_standard_altar, minitemple,
          nicolae_ossuary_entry_monument, serial_shops, nicolae_shop_crystal,
          nicolae_shop_behind_doors, trog_hazing_becter
D:5:      layout_basic, minmay_temple_entry_statues_pillars, uniq_edmund,
          uniq_blork_the_orc, uniq_menkaure
D:6:      layout_layer_cave, kiku_gazebo_pond_becter, serial_shops,
          kennysheep_mini
D:7:      layout_rooms, uniq_joseph
D:8:      layout_cave_pools, grunt_temple_overflow_forces_of_nature, basic_altar
D:9:      layout_rooms
D:10:     layout_loops_ring, minmay_fractal_squares_5

Skill      XL: |  1  2  3  4  5  6  7  8  9 10 |
---------------+-------------------------------+-----
Long Blades    | 3 4 5 6 7 9 |  9.6
Fighting       | 3 4 5 7 |  7.4
Armour         | 4 6 |  6.0
Dodging        | 5 6 |  6.7
Throwing       | |  1.9

Action                   |  1- 3 |  4- 6 |  7- 9 | 10-12 || total
-------------------------+-------+-------+-------+-------++-------
Melee: Long sword        |    77 |   121 |   274 |    78 ||   550
       Kick              |    19 |    38 |    99 |    35 ||   191
Invok: Berserk           |       |       |     3 |     2 ||     5
       Trog's Hand       |       |       |     1 |     3 ||     4
  Use: Scroll            |       |       |     3 |     1 ||     4
Armor: Scale mail        |    38 |    56 |   112 |    40 ||   246
Dodge: Dodged            |    36 |    73 |   155 |    48 ||   312
       Rpst.: Long sword |    13 |    18 |    30 |    11 ||    72

Table legend: (Time is in decaauts)
 A = Elapsed time spent in this place.
 B = Non-inter-level travel time spent in this place.
 C = Inter-level travel time spent in this place.
 D = Time resting spent in this place.
 E = Time spent auto-exploring this place.
 F = Levels seen in this place.
 G = Mean time per level.
                   A        B        C        D        E       F      G
               +--------+--------+--------+--------+--------+-----+--------+
         Total |   9502 |   9142 |    360 |      0 |   7672 |  11 |  863.8 |
       Dungeon |   9083 |   8723 |    360 |      0 |   7393 |  10 |  908.3 |
       Ossuary |    418 |    418 |      0 |      0 |    279 |   1 |  418.0 |
               +--------+--------+--------+--------+--------+-----+--------+

Top non-repeatable levels by time:
     D:2: 1528 daAuts
     D:6: 1411 daAuts
     D:7: 1175 daAuts
     D:1: 995 daAuts
     D:9: 964 daAuts
     D:5: 912 daAuts
     D:4: 824 daAuts
     D:3: 696 daAuts
     D:8: 461 daAuts
 Ossuary: 418 daAuts
    D:10: 115 daAuts
